 Dungeon Crawl Stone Soup version 0.28-a0-1182-g381e24db82 (webtiles) character file.

Game seed: 3539189483314254007

9 ChaosChampion the Insei (level 2, 0/18 HPs)
             Began as an Octopode Transmuter on Dec 17, 2021.
             Slain by a bat (1 damage)
             ... on level 1 of the Dungeon.
             The game lasted 00:00:20 (451 turns).

ChaosChampion the Insei (Octopode Transmuter)        Turns: 451, Time: 00:00:21

Health: 0/18       AC:  1    Str:  9    XL:     2   Next: 16%
Magic:  4/5        EV: 13    Int: 15    God:
Gold:   28         SH:  0    Dex: 12    Spells: 4/5 levels left

rFire   . . .      SeeInvis .     - Unarmed
rCold   . . .      Faith    .   (no shield)
rNeg    . . .      Spirit   .   (helmet restricted)
rPois   .          Reflect  .   (no amulet)
rElec   .          Harm     .   (no ring)
rCorr   .          Rampage  .   (no ring)
Will    .....                   (no ring)
Stlth   ++........              (no ring)
HPRegen 0.06/turn               (no ring)
MPRegen 0.09/turn               (no ring)
                                (no ring)
                                (no ring)

@: no status effects
A: almost no armour, amphibious, 8 rings, camouflage 1, gelatinous body 1,
(nimble swimmer 1), tentacles
a: no special abilities


You were on level 1 of the Dungeon.
You visited 1 branch of the dungeon, and saw 1 of its levels.

You collected 28 gold pieces.

Inventory:

Scrolls
 a - 3 scrolls of torment {unknown}
 b - a scroll of vulnerability {unknown}
 c - a scroll of teleportation {unknown}


   Skills:
 + Level 1.2 Fighting
 + Level 2.1 Dodging
 + Level 3.1 Unarmed Combat
 + Level 2.1 Spellcasting
 + Level 2.1 Transmutations


You had 4 spell levels left.
You knew the following spells:

 Your Spells              Type           Power      Damage    Failure   Level
a - Beastly Appendage     Tmut           16%        N/A       9%          1

Your spell library contained the following spells:

 Spells                   Type           Power      Damage    Failure   Level
 Wereblood                Tmut           8%         N/A       14%         2
 Spider Form              Tmut/Pois      4%         N/A       38%         3
 Ice Form                 Ice/Tmut       4%         N/A       80%         4


Dungeon Overview and Level Annotations

Branches:
Dungeon (1/15)

Altars:


Innate Abilities, Weirdness & Mutations

You cannot wear most types of armour.
You are amphibious.
You can wear up to eight rings at the same time.
Your skin changes colour to match your surroundings (Stealth+).
Your rubbery body absorbs attacks. (AC +1, EV +1)
((You are camouflaged near water. (Stealth+)))
You have tentacles for arms and can constrict up to eight enemies at once.


Message History

You are too injured to fight recklessly!
You tentacle-slap the jackal. You grab the jackal.
You pierce the jackal.
You kill the jackal!
The jackal bites you. The bat hits you but does no damage.
The jackal misses you.
You have reached level 2!
You tentacle-slap the jackal. Your grab misses the jackal.
Your tentacle spike misses the jackal.
The jackal is heavily wounded.
The bat barely misses you. The jackal bites you. The jackal misses you.
You closely miss the jackal. You grab the jackal.
You pierce the jackal, but do no damage.
You constrict the jackal. The jackal bites you.
* * * LOW HITPOINT WARNING * * *
The jackal closely misses you.
You tentacle-slap the jackal. Your grab misses the jackal.
Your tentacle spike misses the jackal.
The jackal is almost dead.
You constrict the jackal. The jackal misses you. The jackal bites you.
* * * LOW HITPOINT WARNING * * *
You tentacle-slap the jackal.
You pierce the jackal.
The jackal is severely wounded.
You constrict the jackal. The jackal bites you.
* * * LOW HITPOINT WARNING * * *
The jackal bites you but does no damage.
The jackal bites you.
* * * LOW HITPOINT WARNING * * *
The jackal misses you.
You closely miss the jackal. You grab the jackal.
You pierce the jackal.
You kill the jackal!
You constrict the jackal.
You kill the jackal!
The bat closely misses you.
You barely miss the bat. You grab the bat. You constrict the bat.
The bat barely misses you.
The bat struggles to escape constriction.
The bat escapes!
Your tentacle spike disappears.
The bat hits you.
You die...

...
#..†........#
..
###.........#
. #.....#####
# ##.....# ##
#.....####
.##.
#........#
....
####.....#
.... #.....# .
#### #...@.#
... ##
###.b####.....
..
##†.........
...
#..........
.##.
##........g ##
#.####.... #
#.. g.. . ##.#
## ..


You could see a bat.

Vanquished Creatures
  An endoplasm (D:1)
  3 jackals (D:1)
  A kobold (D:1)
  2 ball pythons (D:1)
  A bat (D:1)
  A rat (D:1)
9 creatures vanquished.

Notes
Turn   | Place    | Note
-------+----------+-------------------------------------------
     0 | D:1      | ChaosChampion the Octopode Transmuter began the quest for
                  | the Orb.
     0 | D:1      | Reached XP level 1. HP: 13/13 MP: 3/3
   445 | D:1      | Reached XP level 2. HP: 7/18 MP: 3/5
   451 | D:1      | Slain by a bat

Illustrated notes

Levels and vault maps discovered:
D:1:      minmay_arrival_four_loops, layout_basic

Action                   || total
-------------------------++-------
Melee: Unarmed           ||    24
       Kick              ||     6
       Constrict         ||     5
 Cast: Beastly Appendage ||     4
 Stab: Sleeping          ||     3
Armor: Skin              ||     5
Dodge: Dodged            ||    14

Table legend: (Time is in decaauts)
 A = Elapsed time spent in this place.
 B = Non-inter-level travel time spent in this place.
 C = Inter-level travel time spent in this place.
 D = Time resting spent in this place.
 E = Time spent auto-exploring this place.
 F = Levels seen in this place.
 G = Mean time per level.
                   A        B        C        D        E       F      G
               +--------+--------+--------+--------+--------+-----+--------+
         Total |    449 |    449 |      0 |      0 |    383 |   1 |  449.0 |
       Dungeon |    449 |    449 |      0 |      0 |    383 |   1 |  449.0 |
               +--------+--------+--------+--------+--------+-----+--------+

Top non-repeatable levels by time:
     D:1: 449 daAuts
